 Dungeon Crawl Stone Soup version 0.22-a0-367-gb72a975 (webtiles) character file.

57 VajrapaniSR the Insei (level 4, -2/34 HPs)
             Began as a Gnoll Transmuter on Apr 22, 2018.
             Slain by Rhok's ghost (9 damage)
             ... on level 3 of the Dungeon.
             The game lasted 00:04:07 (702 turns).

VajrapaniSR the Insei (Gnoll Transmuter)             Turns: 702, Time: 00:04:08

Health: -2/34      AC:  2    Str: 12    XL:     4   Next: 0%
Magic:  11/11      EV: 15    Int: 17    God:
Gold:   39         SH:  2    Dex: 15    Spells: 12/13 levels left

rFire    . . .     SeeInvis .   b - +1 whip (elec)
rCold    . . .     Gourm    .   (no shield)
rNeg     . . .     Faith    .   g - +0 robe
rPois    .         Spirit   .   (no helmet)
rElec    .         Reflect  +   (no cloak)
rCorr    .         Harm     .   (no gloves)
MR       .....                  (no boots)
Stlth    ++........             h - +2 amulet of reflection
HPRegen  0.11/turn              (no ring)
MPRegen  0.12/turn              (no ring)

@: no status effects
A: distributed training, fangs 1, strong nose
a: no special abilities


You were on level 3 of the Dungeon.
You were not hungry.

You visited 1 branch of the dungeon, and saw 3 of its levels.

You collected 39 gold pieces.

Inventory:

Hand Weapons
 b - a +1 whip of electrocution (weapon)
Missiles
 a - 12 arrows
Armour
 c - a +0 scale mail
 g - a +0 robe (worn)
Jewellery
 h - a +2 amulet of reflection (around neck)
Scrolls
 i - a scroll of identify {unknown}
Potions
 e - a potion of curing {unknown}
 f - a potion of flight {unknown}
Comestibles
 d - 4 rations {@w1}


   Skills:
 + Level 2.6 Fighting
 + Level 1.0 Short Blades
 + Level 1.0 Long Blades
 + Level 1.0 Axes
 + Level 1.0 Maces & Flails
 + Level 1.0 Polearms
 + Level 1.0 Staves
 + Level 1.0 Slings
 + Level 1.0 Bows
 + Level 1.0 Crossbows
 + Level 1.0 Throwing
 + Level 1.0 Armour
 + Level 4.6 Dodging
 + Level 1.0 Stealth
 + Level 1.0 Shields
 + Level 6.5 Unarmed Combat
 + Level 5.0 Spellcasting
 + Level 0.7 Conjurations
 + Level 0.7 Hexes
 + Level 0.7 Charms
 + Level 0.7 Summonings
 + Level 0.7 Necromancy
 + Level 0.7 Translocations
 + Level 3.8 Transmutations
 + Level 0.7 Fire Magic
 + Level 0.7 Ice Magic
 + Level 0.7 Air Magic
 + Level 0.7 Earth Magic
 + Level 0.7 Poison Magic
 + Level 1.0 Invocations
 + Level 1.0 Evocations


You had 12 spell levels left.
You knew the following spells:

 Your Spells              Type           Power        Failure   Level  Hunger
a - Beastly Appendage     Tmut           ###...       3%          1    None


Dungeon Overview and Level Annotations

Branches:
Dungeon (3/15)

Altars:

Annotations:
D:3 Rhok's ghost, amateur DrFi


Innate Abilities, Weirdness & Mutations

Your experience applies equally to all skills.
You have very sharp teeth.
Your uncanny sense of smell can sniff out nearby items.


Message History

Your Short Blades skill increases to level 1!
Your Long Blades skill increases to level 1!
Your Axes skill increases to level 1!
Your Maces & Flails skill increases to level 1!
Your Polearms skill increases to level 1!
Your Staves skill increases to level 1!
Your Slings skill increases to level 1!
Your Bows skill increases to level 1!
Your Crossbows skill increases to level 1!
Your Throwing skill increases to level 1!
Your Armour skill increases to level 1!
Your Stealth skill increases to level 1!
Your Shields skill increases to level 1!
Your Evocations skill increases to level 1!
You have reached level 4!
You feel clever. Rhok's ghost closely misses you.
There is an escape hatch in the floor, spattered with blood here.
You see here an adder corpse.
Rhok's ghost hits you!
You die...

#<# #.# #.#
#.# #.# #.# #
#.# #.####.###
#.###.#.......
#..........#
#####b#.####
#W#.# #@#.#
#.#.# #.#.#
#.#.# #$#..
#.. ###


You could see Rhok's ghost and a bat.

Vanquished Creatures
  3 adders
  A worm (D:2)
  A dart slug (D:2)
  2 leopard geckos (D:1)
  3 goblins (D:2)
  3 hobgoblins
  6 kobolds
  A bat (D:1)
  A frilled lizard (D:1)
  3 rats
24 creatures vanquished.

Notes
Turn   | Place    | Note
-------+----------+-------------------------------------------
     0 | D:1      | VajrapaniSR the Gnoll Transmuter began the quest for the Orb.
     0 | D:1      | Reached XP level 1. HP: 17/17 MP: 6/6
   132 | D:1      | Reached XP level 2. HP: 4/23 MP: 5/7
   384 | D:2      | Reached XP level 3. HP: 15/28 MP: 9/9
   420 | D:2      | Reached skill level 5 in Spellcasting
   550 | D:2      | Reached skill level 1 in Invocations
   680 | D:3      | Noticed Rhok's ghost (amateur DrFi)
   700 | D:3      | Reached skill level 1 in Short Blades
   700 | D:3      | Reached skill level 1 in Long Blades
   700 | D:3      | Reached skill level 1 in Axes
   700 | D:3      | Reached skill level 1 in Maces & Flails
   700 | D:3      | Reached skill level 1 in Polearms
   700 | D:3      | Reached skill level 1 in Staves
   700 | D:3      | Reached skill level 1 in Slings
   700 | D:3      | Reached skill level 1 in Bows
   700 | D:3      | Reached skill level 1 in Crossbows
   700 | D:3      | Reached skill level 1 in Throwing
   700 | D:3      | Reached skill level 1 in Armour
   700 | D:3      | Reached skill level 1 in Stealth
   700 | D:3      | Reached skill level 1 in Shields
   700 | D:3      | Reached skill level 1 in Evocations
   700 | D:3      | Reached XP level 4. HP: 7/34 MP: 11/11
   702 | D:3      | Slain by Rhok's ghost

Vault maps used:
D:1:      arrival_zaba_pyramid, minmay_statues_item, minmay_gold_behind_fungi
D:2:      minmay_kobold_bridge, minmay_rat_gold_closets
D:3:      chequers_temple_overflow_minitemple, chequers_ecumenical_altar_grove

Skill      XL: |  1  2  3 |
---------------+----------+-----
Spellcasting   | 5 |  5.0
Invocations    | 1 |  1.0
Short Blades   | 1 |  1.0
Long Blades    | 1 |  1.0
Axes           | 1 |  1.0
Maces & Flails | 1 |  1.0
Polearms       | 1 |  1.0
Staves         | 1 |  1.0
Slings         | 1 |  1.0
Bows           | 1 |  1.0
Crossbows      | 1 |  1.0
Throwing       | 1 |  1.0
Armour         | 1 |  1.0
Stealth        | 1 |  1.0
Shields        | 1 |  1.0
Evocations     | 1 |  1.0
Fighting       | |  2.6
Dodging        | |  4.6
Unarmed Combat | |  6.5
Conjurations   | |  0.7
Hexes          | |  0.7
Charms         | |  0.7
Summonings     | |  0.7
Necromancy     | |  0.7
Translocations | |  0.7
Transmutations | |  3.8
Fire Magic     | |  0.7
Ice Magic      | |  0.7
Air Magic      | |  0.7
Earth Magic    | |  0.7
Poison Magic   | |  0.7

Action                   |  1- 3 |  4- 6 || total
-------------------------+-------+-------++-------
Melee: Unarmed           |    57 |       ||    57
       Kick              |     4 |       ||     4
       Bite              |     3 |       ||     3
       Punch             |     1 |       ||     1
       Whip              |     8 |       ||     8
 Cast: Beastly Appendage |     6 |       ||     6
 Stab: Sleeping          |     1 |       ||     1
Armor: Robe              |    11 |       ||    11
Dodge: Dodged            |    58 |     1 ||    59

Table legend:
 A = Spawn XP
 B = Non-spawn XP
 C = Spawn XP percentage of total XP
 D = Spawn monster count
 E = Non-spawn monster count
 F = Spawn count percentage of total count
 G = Total turns spent on level
                    A         B        C        D         E        F      G
               +---------+---------+-------+---------+---------+-------+---------
         Total |       0 |      82 |   0.0 |       0 |      24 |   0.0 |   702
               +---------+---------+-------+---------+---------+-------+---------
           D:1 |       0 |      17 |   0.0 |       0 |       9 |   0.0 |   345
           D:2 |       0 |      52 |   0.0 |       0 |      14 |   0.0 |   330
           D:3 |       0 |      13 |   0.0 |       0 |       1 |   0.0 |    27
               +---------+---------+-------+---------+---------+-------+---------
